AoeStats
← diossnefru1

Black Forest

510242553Analyzed
2v2 RM · 2d ago on Sep 30, 2026· 51m 26s· 4 players
Game mode
Random Map
Map size
Medium (4 player)
Population
200
Speed
Normal
Resources
Standard
Victory
Conquest
Starting age
Dark Age
Ending age
Imperial Age
RankedLock teamsTeams togetherTeam positionsShared explorationLock speedFull tech treeHidden civsTurbo modeCheats
Victory
Defeat
🇵🇪 Varangians · Peru
947
+14
🇵🇪 Persians · Peru
921
+15
🇲🇽 Portuguese · Mexico
904
-15
🇨🇴 Franks · Colombia
892
-40
diossnefru1
0:27 Loom
13:06 Feudal Age
14:32 Wheelbarrow
13:47 Double-Bit Axe
14:08 Horse Collar
14:59 Gold Mining
19:47 Castle Age
18:03 Stone Mining
20:44 Hand Cart
30:42 Husbandry
34:07 Scale Barding Armor
38:57 Heavy Plow
42:57 Imperial Age
41:09 Padded Archer Armor
41:00 Fletching
41:20 Forging
42:21 Caravan
44:11 Conscription
44:15 Bow Saw
45:51 Chemistry
46:13 Two-Man Saw
45:40 Treadmill Crane
47:45 Pikeman
48:11 Arson
LOTRU
7:14 Loom
10:43 Feudal Age
12:47 Wheelbarrow
12:16 Double-Bit Axe
19:10 Castle Age
17:56 Gold Mining
18:11 Town Watch
20:33 Gold Shaft Mining
20:03 Husbandry
20:45 Stone Mining
21:08 Bow Saw
24:16 Hand Cart
24:01 Town Patrol
27:12 Town Patrol
33:35 Imperial Age
31:24 Pikeman
31:50 Gambesons
32:05 Squires
32:15 Scale Barding Armor
32:12 Padded Archer Armor
32:23 Forging
33:40 Halberdier
33:44 Cavalier
34:31 Chivalry
34:52 Conscription
34:56 Ballistics
34:48 Masonry
35:02 Chain Barding Armor
34:33 Fletching
34:59 Leather Archer Armor
35:20 Iron Casting
34:46 Scale Mail Armor
34:44 Crossbowman
34:50 Elite Skirmisher
36:24 Plate Barding Armor
36:40 Bodkin Arrow
37:49 Chemistry
36:45 Murder Holes
37:21 Architecture
38:06 Elite Throwing Axeman
39:24 Hoardings
38:10 Ordonnance Companies
39:56 Coinage
39:45 Caravan
42:56 Chain Mail Armor
43:41 Blast Furnace
46:39 Plate Mail Armor
Rychiplay
1:42 Loom
13:12 Feudal Age
14:43 Double-Bit Axe
18:03 Castle Age
16:44 Horse Collar
20:05 Bow Saw
28:09 Wheelbarrow
28:11 Gold Mining
30:07 Kamandaran
30:18 Gold Mining
34:55 Imperial Age
32:53 Hand Cart
33:42 Padded Archer Armor
33:33 Fletching
33:49 Scale Barding Armor
33:54 Forging
35:05 Gold Shaft Mining
34:20 Stone Mining
34:27 Town Watch
34:18 Crossbowman
35:03 Thumb Ring
36:46 Chemistry
36:06 Ballistics
36:11 Conscription
36:01 Caravan
37:26 Chain Barding Armor
37:06 Scale Mail Armor
37:42 Iron Casting
37:03 Bodkin Arrow
37:29 Leather Archer Armor
37:43 Elite War Elephant
39:35 Citadels
40:25 Plate Barding Armor
40:28 Iron Casting
39:57 Husbandry
40:17 Bloodlines
43:03 Hoardings
44:11 Ring Archer Armor
43:57 Chain Mail Armor
44:43 Blast Furnace
50:38 Two-Man Saw
50:11 Plate Mail Armor
51:02 Parthian Tactics
MASTURBIN
1:45 Loom
13:22 Feudal Age
17:15 Castle Age
16:42 Double-Bit Axe
16:40 Horse Collar
18:09 Bow Saw
18:02 Heavy Plow
24:43 Scale Mail Armor
24:53 Forging
26:13 Chain Mail Armor
26:08 Forging
27:33 Arson
27:49 Squires
33:15 Fletching
36:42 Wheelbarrow
35:55 Town Watch
38:42 Imperial Age
38:59 Scale Barding Armor
39:27 Hand Cart
39:12 Town Patrol
39:27 Husbandry
38:48 Cavalier
39:43 Bloodlines
39:45 Vendel Legacy
41:38 Gold Mining
41:38 Stone Mining
43:25 Stone Shaft Mining
43:45 Conscription
45:37 Chain Barding Armor
45:53 Iron Casting
49:16 Gothikon
49:24 Elite Varangian Guard
51:49 Blast Furnace
51:25 Plate Barding Armor
51:23 Plate Mail Armor
Connection lost

Rejoining the realm…

Still unreachable

The connection could not be restored.

Session expired

The server has moved on; the page needs a fresh start.